 Dungeon Crawl Stone Soup version 0.19-a0-1821-g42c593c (webtiles) character file.

122488 Amnesiac the Shatterer (level 16, -6/197 HPs)
             Began as an Ogre Abyssal Knight on Oct 6, 2016.
             Was the Champion of Lugonu.
             Mangled by an earth elemental (20 damage)
             ... summoned by a deep elf elementalist
             ... on level 3 of the Elven Halls.
             The game lasted 00:41:50 (22460 turns).

Amnesiac the Shatterer (Ogre Abyssal Knight)       Turns: 22460, Time: 00:41:51

Health: -6/197     AC: 13    Str: 21    XL:     16   Next: 87%
Magic:  17/17      EV: 15    Int: 11    God:    Lugonu [******]
Gold:   1646       SH:  0    Dex: 14    Spells: 5 memorised, 5 levels left

rFire  . . .     SeeInvis .     x - +9 giant spiked club (distort)
rCold  . . .     Gourm    .     m - +2 robe of Vines {NoDeviceHeal Regen+7}
rNeg   . . .     Faith    +     (shield currently unavailable)
rPois  .         Spirit   .     (helmet restricted)
rElec  .         Dismiss  .     F - +2 cloak
rCorr  .         Reflect  .     (gloves unavailable)
MR     +....     Harm     .     (boots unavailable)
Stlth  +.........               y - amulet of faith
                                Y - +5 ring of protection
                                K - +5 ring of evasion

@: studying Armour
A: unfitting armour, tough skin 1
a: Depart the Abyss, Bend Space, Banish, Corrupt, Enter the Abyss, Renounce
Religion


You were on level 3 of the Elven Halls.
You worshipped Lugonu.
Lugonu was exalted by your worship.
You were not hungry.

You visited 4 branches of the dungeon, and saw 22 of its levels.
You visited the Abyss 1 time.

You collected 2271 gold pieces.
You spent 625 gold pieces at shops.

Inventory:

Hand Weapons
 w - a +0 giant spiked club of electrocution
 x - a +9 giant spiked club of distortion (weapon)
 A - the +5 mace of Lasm {freeze, rF+ rC++ Dex+4}
   (You found it on level 6 of the Dungeon)

   It has been specially enchanted to freeze those struck by it, causing extra
   injury to most foes and up to half again as much damage against particularly
   susceptible opponents.
   It can also slow down cold-blooded creatures.
   It affects your dexterity (+4).
   It protects you from fire.
   It greatly protects you from cold.
Missiles
 l - 12 tomahawks (quivered)
 Q - 3 javelins
Armour
 m - the +2 robe of Vines (worn) {NoDeviceHeal Regen+7}
   (You found it on level 1 of the Lair of Beasts)

   It increases your rate of regeneration.
 F - a +2 cloak (worn)
 V - a +2 robe of resistance
Jewellery
 y - an amulet of faith (around neck)
 K - a +5 ring of evasion (left hand)
 Y - a +5 ring of protection (right hand)
Wands
 o - a wand of iceblast (1/15)
 p - a wand of heal wounds (5/9)
 r - a wand of acid (9/15)
 v - a wand of digging (15/24)
 L - a wand of disintegration (16/24)
 M - a wand of confusion (37/48)
 P - a wand of lightning (1/15)
Scrolls
 d - 12 scrolls of remove curse
 g - 2 scrolls of enchant armour
 q - 10 scrolls of teleportation
 s - 4 scrolls of amnesia
 t - a scroll of fear
 C - a scroll of brand weapon
 S - 5 scrolls of recharging
Potions
 a - 5 potions of heal wounds
 b - 3 potions of lignification
 e - 2 potions of flight
 i - 3 potions of brilliance
 n - 3 potions of might
 u - 5 potions of haste
 z - 2 potions of ambrosia
 B - 2 potions of berserk rage
 D - a potion of experience {unknown}
 E - 2 potions of invisibility
 H - 5 potions of curing
 I - 2 potions of resistance
 J - 2 potions of agility
 T - a potion of cancellation
 W - a potion of magic
 X - 2 potions of mutation
Books
 j - a manual of Armour
Miscellaneous
 Z - a lamp of fire
Comestibles
 c - 14 bread rations
 f - 14 meat rations
 h - a royal jelly
 k - 29 fruits
 G - 5 chunks of flesh
 N - 4 beef jerkies
 U - 4 slices of pizza


   Skills:
 - Level 21.0 Fighting
 - Level 24.0 Maces & Flails
 + Level 12.3 Throwing
 - Level 2.1 Dodging
 - Level 2.0 Invocations


You had 5 spell levels left.
You knew the following spells:

 Your Spells              Type           Power        Failure   Level  Hunger
a - Apportation           Tloc           #.........   34%         1    ##.....
b - Summon Butterflies    Summ           #.......     34%         1    ##.....
c - Lesser Beckoning      Tloc           #.....       90%         3    ####...
d - Tukima's Dance        Hex            #.......     90%         3    ####...
v - Passwall              Tmut/Erth      #.........   56%         2    ###....


Dungeon Overview and Level Annotations

Branches:
Dungeon (11/15)            Temple (0/1) D:5            Lair (6/6) D:11
  Swamp (0/4) Lair:4        Snake (0/4) Lair:4        Slime (0/5) Lair:5
    Orc (2/2) D:9             Elf (3/3) Orc:2

Altars:
Ashenzari
Kikubaaqudgha
Nemelex Xobeh
Qazlal
Ru
Trog
Vehumet
Yredelemnul
Beogh

Shops:
D:4 (   D:7 ?![   D:10 }**%[   Orc:2 [(:!   Elf:1 *[**

Annotations:
Elf:3 Nikola


Innate Abilities, Weirdness & Mutations

You are too large for most types of armour.
You have tough skin. (AC +1)


Message History

Unknown command.
You fail to use your ability.
The deep elf elementalist points at you and mumbles some strange words.
Some walls begin to move on their own!
The deep elf demonologist mumbles some strange words.
Nikola hits you with a rapier of electrocution.
* * * LOW HITPOINT WARNING * * *
You are electrocuted!
* * * LOW HITPOINT WARNING * * *
You hear a shout! x5
Unknown command.
Unknown command.
Nikola casts a spell.
You hear a mighty clap of thunder!
The lightning arc arcs out of your line of sight!
You hear a mighty clap of thunder! x5
Some walls begin to move on their own!
Nikola says, "There's a spark of magic in your eyes."
The earth elemental hits you!!
You die...

!.. #.####.### ...
##..).## #.#
#########.....####
#e#
#.##...#..........
#e#
#<#.....#.....####
#4e###
#.#............#
#.33)##
#.#.....######..#
#.4..E## #.##...##
#..#
##.....###@###.####
#..
####22##.E##(....##
#. #.#.EE.(.......#
#
#.#.@E#######(#####
#.#### #.....(...#
#.# ##.....(.## #.#
##.....## #.#
##...## ## .. ##.##
. ..


You could see Nikola and 4 earth elementals.

Vanquished Creatures
  A deep elf blademaster (Elf:2)
  Donald (Elf:1)
  An orc warlord (D:9)
  A deep elf sorcerer (Elf:3)
  2 deep elf elementalists
  The ghost of 4thArraOfDagon the Impaler, a journeyman MiMo of Okawaru (Lair:6)
  A deep elf demonologist (Elf:2)
  3 dire elephants (Lair:6)
  2 deep elf annihilators
  A deep elf death mage (Elf:2)
  Josephine (Lair:5)
  A deep elf high priest (Elf:1)
  Erolcha (Orc:2)
  4 hydras
  A catoblepas (Lair:6)
  An anaconda (Lair:6)
  2 ogre magi (Orc:2)
  24 dancing weapons
  8 death yaks
  An orc high priest (Orc:2)
  14 deep elf knights
  An unseen horror (D:11)
  3 deep elf archers
  3 hill giants
  47 deep elf magi
  An orc knight (Orc:2)
  9 orc sorcerers
  16 elephants
  7 spiny frogs
  A torpor snail (Lair:6)
  5 black mambas
  A centaur skeleton (D:11)
  2 rime drakes
  4 kobold demonologists (D:11)
  9 komodo dragons
  3 trolls
  2 two-headed ogres
  A merfolk (D:9)
  Prince Ribbit (D:7)
  19 blink frogs
  2 slime creatures (Lair:5)
  13 hippogriffs
  A dream sheep (shapeshifter) (D:10)
  Sigmund (D:3)
  An air elemental (Elf:3)
  6 wraiths
  A water elemental (Elf:2)
  4 fire elementals
  4 wyverns
  6 spriggans (Lair:1)
  26 yaks
  A golden eye (shapeshifter) (Elf:1)
  Eustachio (D:3)
  2 basilisks (Lair:2)
  2 wargs
  A steam dragon (Lair:2)
  3 nagas (Lair:4)
  6 water moccasins
  A soldier ant (shapeshifter) (Elf:3)
  3 porcupines
  2 ice beasts (D:11)
  22 orc warriors
  6 sky beasts
  12 ogres
  4 centaurs
  6 big kobolds
  9 crocodiles
  13 bullfrogs
  4 earth elementals
  A scorpion (Lair:3)
  7 wights
  2 howler monkeys
  3 electric eels (D:10)
  A centaur zombie (D:9)
  9 crimson imps
  2 bullfrog zombies
  7 hounds
  3 jellies
  13 orc priests
  Crazy Yiuf (D:6)
  28 orc wizards
  2 iguanas
  11 worker ants
  2 hound skeletons
  A worker ant zombie (D:8)
  2 howler monkey skeletons
  9 adders
  2 oozes (D:2)
  3 adder skeletons
  An adder zombie (D:5)
  8 worms
  2 dart slugs (D:3)
  6 leopard geckos
  79 orcs
  A ball python (D:3)
  5 giant cockroaches
  5 goblins
  9 hobgoblins
  9 jackals
  28 kobolds
  A quokka (D:8)
  9 bats
  5 frilled lizards
  A leopard gecko skeleton (D:4)
  5 rats
  A fungus (Lair:6)
  2 plants (Lair:6)
656 creatures vanquished.

Vanquished Creatures (collateral kills)
  A plant (Elf:1)
1 creature vanquished.

Vanquished Creatures (others)
  Asterion (Elf:1)
  An orc warlord (Orc:2)
  A dire elephant (Lair:6)
  2 deep elf high priests (Elf:3)
  A dancing weapon (Elf:2)
  A death yak (Lair:6)
  2 deep elf magi
  2 orc sorcerers
  A black mamba (Lair:6)
  A slime creature (Lair:5)
  A yak (Lair:5)
  An orc warrior (Orc:1)
  An ogre (Orc:2)
  2 orc wizards
  5 fungi
  9 plants
32 creatures vanquished.

Grand Total: 689 creatures vanquished

Notes
Turn   | Place    | Note
-------+----------+-------------------------------------------
     0 | Abyss:1  | Amnesiac the Ogre Abyssal Knight began the quest for the Orb.
     0 | Abyss:1  | Reached XP level 1. HP: 24/24 MP: 2/2
    78 | Abyss:1  | Noticed a thrashing horror
    84 | D:1      | Escaped the Abyss
   153 | D:1      | Reached skill level 3 in Maces & Flails
   189 | D:1      | Reached XP level 2. HP: 32/32 MP: 3/3
   445 | D:1      | Reached skill level 4 in Maces & Flails
   823 | D:2      | Reached XP level 3. HP: 32/39 MP: 4/4
  1224 | D:2      | Reached ** piety under Lugonu
  1224 | D:2      | Reached skill level 5 in Maces & Flails
  1377 | D:2      | Reached XP level 4. HP: 42/48 MP: 5/5
  2058 | D:3      | Reached skill level 6 in Maces & Flails
  2196 | D:3      | Noticed Sigmund
  2216 | D:3      | Killed Sigmund
  2216 | D:3      | Reached skill level 5 in Fighting
  2216 | D:3      | Reached skill level 7 in Maces & Flails
  2216 | D:3      | Reached XP level 5. HP: 16/57 MP: 6/6
  2216 | D:3      | Reached XP level 6. HP: 19/66 MP: 7/7
  2575 | D:3      | Found a radiant altar of Vehumet.
  2575 | D:3      | Found a sparkling altar of Nemelex Xobeh.
  2575 | D:3      | Found a basalt altar of Yredelemnul.
  2575 | D:3      | Found a shattered altar of Ashenzari.
  2581 | D:3      | Found a bloodstained altar of Trog.
  2581 | D:3      | Found a sacrificial altar of Ru.
  2745 | D:3      | Reached skill level 8 in Maces & Flails
  3055 | D:4      | Noticed Eustachio
  3355 | D:4      | Reached *** piety under Lugonu
  3355 | D:4      | Reached XP level 7. HP: 55/74 MP: 8/8
  3723 | D:3      | Killed Eustachio
  3723 | D:3      | Reached skill level 9 in Maces & Flails
  3976 | D:4      | Found Umyuma Wifa's Antique Weapon Shop.
  4328 | D:5      | Entered Level 5 of the Dungeon
  4350 | D:5      | Found a staircase to the Ecumenical Temple.
  4624 | D:5      | Reached skill level 10 in Maces & Flails
  4675 | D:5      | Reached XP level 8. HP: 34/84 MP: 9/9
  5319 | D:5      | Reached skill level 11 in Maces & Flails
  5699 | D:6      | Got a faintly glowing mace
  5701 | D:6      | Got a dazzling mace
  5705 | D:6      | Identified the +5 mace of Lasm {freeze, rF+ rC++ Dex+4} (You found it on level 6 of the Dungeon)
  5706 | D:6      | Identified the cursed +1 mace of Karma {speed, rF+} (You found it on level 6 of the Dungeon)
  5719 | D:6      | Found a runed door.
  5723 | D:6      | Noticed Crazy Yiuf
  5726 | D:6      | Killed Crazy Yiuf
  5833 | D:6      | Reached skill level 12 in Maces & Flails
  5909 | D:6      | Reached **** piety under Lugonu
  6241 | D:7      | Noticed Prince Ribbit
  6250 | D:7      | Killed Prince Ribbit
  6250 | D:7      | Reached XP level 9. HP: 57/98 MP: 10/10
  6683 | D:7      | Found Kysmaleu's Distillery.
  6721 | D:7      | Bought a potion of lignification for 30 gold pieces
  6721 | D:7      | Bought a potion of flight for 30 gold pieces
  6721 | D:7      | Bought a potion of degeneration for 10 gold pieces
  6722 | D:7      | Bought a potion of invisibility for 80 gold pieces
  6732 | D:7      | Reached skill level 13 in Maces & Flails
  6769 | D:7      | Found Holaikel's Armour Boutique.
  6788 | D:7      | Found Amena's Magic Scroll Emporium.
  6802 | D:7      | Bought a scroll of teleportation for 39 gold pieces
  7030 | D:7      | Bought a scroll of enchant weapon for 97 gold pieces
  7637 | D:8      | Noticed a two-headed ogre
  7640 | D:8      | Reached skill level 10 in Fighting
  7643 | D:8      | Killed a two-headed ogre
  7643 | D:8      | Reached skill level 14 in Maces & Flails
  7885 | D:8      | Reached XP level 10. HP: 94/111 MP: 11/11
  8387 | D:9      | Reached skill level 15 in Maces & Flails
  8693 | D:9      | Found a staircase to the Orcish Mines.
  8747 | D:9      | Reached ***** piety under Lugonu
  8944 | D:9      | Reached skill level 16 in Maces & Flails
  9522 | D:10     | Entered Level 10 of the Dungeon
  9541 | D:10     | Found Loca's Antique Armour Shop.
  9667 | D:10     | Found Naxtutro's Assorted Antiques.
  9688 | D:10     | Bought a scroll labeled PEINOM WIENNEZ for 34 gold pieces
  9688 | D:10     | Noticed a hill giant
  9859 | D:10     | Reached XP level 11. HP: 108/123 MP: 12/12
  9875 | D:10     | Found Suddudgh's Assorted Antiques.
  9881 | D:10     | Bought an embroidered robe for 21 gold pieces
  9913 | D:10     | Found Ymaat's Food Shoppe.
 10183 | D:10     | Found Vaudaq's Gadget Boutique.
 10281 | D:10     | Reached skill level 17 in Maces & Flails
 10292 | D:10     | Noticed a hill giant
 10312 | D:10     | Bought an encrusted emerald ring for 150 gold pieces
 10323 | D:10     | Killed a hill giant
 10980 | D:10     | Killed a hill giant
 11305 | D:11     | Found a stormy altar of Qazlal.
 11319 | D:11     | Noticed a hill giant
 11326 | D:11     | Killed a hill giant
 11514 | D:11     | Found a staircase to the Lair.
 11528 | D:11     | Reached skill level 18 in Maces & Flails
 11579 | D:11     | Killed an unseen horror
 11772 | D:11     | Noticed a sun demon
 12066 | D:11     | Noticed a sun demon
 12267 | D:11     | Reached XP level 12. HP: 117/137 MP: 13/13
 12306 | Lair:1   | Entered Level 1 of the Lair of Beasts
 12515 | Lair:1   | Reached skill level 19 in Maces & Flails
 13452 | Lair:2   | Learned a level 2 spell: Passwall
 13457 | Lair:2   | Identified a scroll of acquirement
 14363 | Lair:3   | Reached skill level 20 in Maces & Flails
 14658 | Lair:3   | Noticed a four-headed hydra
 14675 | Lair:3   | Killed a four-headed hydra
 14675 | Lair:3   | Reached skill level 15 in Fighting
 14772 | Lair:3   | Noticed a four-headed hydra
 14775 | Lair:3   | Killed a four-headed hydra
 15102 | Lair:4   | Found a staircase to the Swamp.
 15155 | Lair:4   | Reached XP level 13. HP: 150/150 MP: 14/14
 15187 | Lair:4   | Found a staircase to the Snake Pit.
 15279 | Lair:4   | Reached ****** piety under Lugonu
 15815 | Lair:5   | Reached skill level 21 in Maces & Flails
 15816 | Lair:5   | Identified a +2 giant spiked club of distortion (a +0 giant spiked club corrupted by Lugonu)
 15816 | Lair:5   | Received a gift from Lugonu
 15987 | Lair:5   | Found a staircase to the Slime Pits.
 16019 | Lair:5   | Noticed Josephine
 16038 | Lair:5   | Killed Josephine
 16549 | Lair:5   | Reached skill level 22 in Maces & Flails
 16799 | Lair:6   | Entered Level 6 of the Lair of Beasts
 16938 | Lair:6   | Noticed 4thArraOfDagon's ghost (journeyman MiMo)
 17000 | Lair:6   | Learned a level 1 spell: Apportation
 17002 | Lair:6   | Learned a level 1 spell: Summon Butterflies
 17006 | Lair:6   | Learned a level 3 spell: Lesser Beckoning
 17010 | Lair:6   | Learned a level 3 spell: Tukima's Dance
 17043 | Lair:6   | Killed 4thArraOfDagon's ghost
 17084 | Lair:6   | Reached XP level 14. HP: 132/163 MP: 15/15
 17262 | Lair:6   | Reached skill level 23 in Maces & Flails
 17761 | Lair:6   | Noticed a dire elephant
 17766 | Lair:6   | Killed a dire elephant
 17865 | Lair:6   | Noticed a dire elephant
 17865 | Lair:6   | Noticed a dire elephant
 17875 | Lair:6   | Banished a dire elephant
 17916 | Lair:6   | Noticed a dire elephant
 17920 | Lair:6   | Noticed a dire elephant
 17923 | Lair:6   | Killed a dire elephant
 17930 | Lair:6   | Killed a dire elephant
 18183 | Orc:1    | Entered Level 1 of the Orcish Mines
 18193 | Orc:1    | Noticed an orc warlord
 18223 | D:9      | Killed an orc warlord
 18375 | Orc:2    | Entered Level 2 of the Orcish Mines
 18420 | Orc:2    | Found a staircase to the Elven Halls.
 18619 | Orc:2    | Reached skill level 24 in Maces & Flails
 18631 | Orc:2    | Found Kejomn's Distillery.
 18637 | Orc:2    | Reached skill level 1 in Throwing
 18668 | Orc:2    | Found a radiant altar of Vehumet.
 18669 | Orc:2    | Noticed Erolcha
 18682 | Orc:2    | Killed Erolcha
 18723 | Orc:2    | Found Hicoilir's Antique Weapon Shoppe.
 18752 | Orc:2    | Found an ancient bone altar of Kikubaaqudgha.
 18836 | Orc:2    | Found a roughly hewn altar of Beogh.
 18844 | Orc:2    | Found Wiyvvopn's Antique Armour Emporium.
 18848 | Orc:2    | Found Leck's Book Shoppe.
 19041 | Orc:2    | Noticed an orc warlord
 19070 | Orc:2    | Banished an orc warlord
 19070 | Orc:2    | Reached skill level 5 in Throwing
 19070 | Orc:2    | Reached XP level 15. HP: 95/176 MP: 16/16
 19684 | Elf:1    | Entered Level 1 of the Elven Halls
 19704 | Elf:1    | Noticed Donald
 19722 | Elf:1    | Killed Donald
 19971 | Elf:1    | Noticed a deep elf elementalist
 20014 | Elf:1    | Killed a deep elf elementalist
 20092 | Elf:1    | Found Xulit's Armour Shop.
 20131 | Elf:1    | Found Tohirola's General Store.
 20155 | Elf:1    | Found Eqeejuph's Assorted Antiques.
 20163 | Elf:1    | Bought a scroll labeled VUCSIOPOCW for 37 gold pieces
 20229 | Elf:1    | Noticed Asterion
 20380 | Elf:1    | Found Faarah's General Store.
 20446 | Elf:1    | Reached skill level 10 in Throwing
 20779 | Elf:1    | Bought a scroll of enchant weapon for 97 gold pieces
 20877 | Elf:1    | Killed Asterion
 21224 | Elf:2    | Reached XP level 16. HP: 90/189 MP: 17/17
 21414 | Elf:2    | Found a runed gate.
 21414 | Elf:2    | Found a runed gate.
 21414 | Elf:2    | Found a runed gate.
 21730 | Elf:2    | Noticed a deep elf blademaster
 21746 | Elf:2    | Killed a deep elf blademaster
 22141 | Elf:3    | Entered Level 3 of the Elven Halls
 22442 | Elf:3    | Noticed Nikola
 22458 | Elf:3    | HP: 8/197 [Nikola/rapier of electrocution (17)]
 22460 | Elf:3    | Mangled by an earth elemental

Vault maps used:
D:1:      eino_arrival_cavern_e, minivault_24
D:3:      minmay_overflow_temple_hex, uniq_sigmund
D:4:      serial_shops, nicolae_shop_window_shopping, uniq_eustachio
D:5:      first_bread, kennysheep_nondescript, grunt_ministairs_8
D:6:      uniq_crazy_yiuf_cottage
D:7:      serial_shops, nicolae_shop_window_shopping, shop_statue,
          nicolae_shop_stone, uniq_prince_ribbit1
D:9:      orc_0_dummy, hangedman_fish_farm
D:10:     serial_shops, shop, shop_fountains, kennysheep_mini,
          nicolae_shop_window_shopping, shop
D:11:     david_lair_generic, minmay_parallelograms,
          nicolae_qazlal_eye_of_the_storm
Lair:1:   wad_woods_01
Lair:2:   grunt_megastairs_2
Lair:4:   swamp_mist_pool, minmay_snake_entry_guardpost_small, serial_forest,
          infiniplex_forest_lined_room_2, infiniplex_forest_lined_1,
          infiniplex_forest_straight_2, infiniplex_forest_clump_cross,
          infiniplex_forest_zigzag_1, infiniplex_forest_lined_room_2,
          infiniplex_forest_lined_3_way
Lair:5:   minmay_slime_entry_pillars, lemuel_fruit_tree, lemuel_fruit_fields,
          uniq_josephine
Lair:6:   due_jungle_book, grunt_megastairs_1
Orc:1:    statue_in_the_mist_lemuel
Orc:2:    kennysheep_orc_mage_school, special_room, minmay_orc_barracks
Elf:1:    serial_shops, nicolae_shop_overgrown_old_shop, shop,
          nicolae_shop_temple_entry_statues_fountains, nicolae_shop_trees,
          hangedman_elf_represent, hangedman_corner_corridor, uniq_donald,
          uniq_asterion
Elf:3:    minmay_elf_hall_not_hex, moated_statue, minivault_23, nooodl_food_tri,
          uniq_nikola

Skill      XL: |  1  2  3  4  5  6  7  8  9 10 11 12 13 14 15 16 |
---------------+-------------------------------------------------+-----
Maces & Flails | 3 4 5 7 8 10 12 14 16 18 20 22 24 | 24.0
Fighting       | 5 6 9 10 12 13 15 16 17 19 21 | 21.0
Throwing       | 5 10 12 | 12.3
Dodging        | |  2.1
Invocations    | |  2.0

Action                   |  1- 3 |  4- 6 |  7- 9 | 10-12 | 13-15 | 16-18 || total
-------------------------+-------+-------+-------+-------+-------+-------++-------
Melee: Mace              |   120 |    53 |   108 |       |       |       ||   281
       Flail             |       |   124 |   168 |       |       |       ||   292
       Giant club        |       |       |    36 |       |       |       ||    36
       Dire flail        |       |       |    39 |   414 |       |       ||   453
       Giant spiked club |       |       |       |   186 |   750 |   193 ||  1129
Throw: Large rock        |       |       |       |     4 |     3 |     5 ||    12
       Tomahawk          |       |       |       |    13 |    16 |    46 ||    75
       Throwing net      |       |       |       |     1 |       |       ||     1
       Javelin           |       |       |       |       |       |     3 ||     3
Invok: Brand Weapon With |       |       |       |       |     1 |       ||     1
Evoke: Wand              |       |       |       |     3 |     1 |     1 ||     5
  Use: Scroll            |       |       |     8 |    17 |    12 |     2 ||    39
       Potion            |       |       |     2 |       |       |       ||     2
 Stab: Distracted        |       |       |     1 |       |       |       ||     1
       Sleeping          |       |       |       |     1 |       |     1 ||     2
  Eat: Chunk             |     2 |     6 |    15 |    22 |    21 |     4 ||    70
Armor: Robe              |    60 |    76 |   124 |   136 |   168 |    40 ||   604
       Skin              |       |       |     1 |       |       |       ||     1
Dodge: Dodged            |    84 |    97 |   180 |   286 |   386 |    67 ||  1100
